 Dungeon Crawl Stone Soup version 0.27-a0-538-g15ff5c5295 (webtiles) character file.

Game seed: 11727845006208616224

30 sahdkjhfkaj the Sneak (level 3, -1/30 HPs)
             Began as a Mummy Delver on Mar 6, 2021.
             Splashed by a jelly's acid (2 damage)
             ... on level 5 of the Dungeon.
             The game lasted 00:00:37 (266 turns).

sahdkjhfkaj the Sneak (Mummy Delver)                 Turns: 266, Time: 00:00:37

Health: -1/30      AC:  3    Str: 15    XL:     3   Next: 3%
Magic:  3/3        EV: 11    Int: 10    God:
Gold:   0          SH:  0    Dex: 13    Spells: 2/2 levels left

rFire    x . .     SeeInvis .   g - +0 quarterstaff
rCold    + . .     Faith    .   (shield currently unavailable)
rNeg     + + +     Spirit   .   b - +0 leather armour
rPois    ∞         Reflect  .   (no helmet)
rElec    .         Harm     .   (no cloak)
rCorr    .         Rampage  .   (no gloves)
Will     .....                  (no boots)
Stlth    ++........             (no amulet)
HPRegen  0.10/turn              (no ring)
MPRegen  0.08/turn              (no ring)

@: no status effects
A: cold resistance 1, negative energy resistance 3, torment resistance 2,
unbreathing 1, heat vulnerability 1, no potions
a: no special abilities


You were on level 5 of the Dungeon.
You visited 1 branch of the dungeon, and saw 1 of its levels.

Inventory:

Hand Weapons
 a - a +0 spear
 g - a +0 quarterstaff (weapon)
Armour
 b - a +0 leather armour (worn)
Wands
 f - a wand of digging (3)
Scrolls
 c - a scroll of fog
 d - a scroll of magic mapping
 e - a scroll of fear


   Skills:
 - Level 4.0 Fighting
 - Level 1.5 Polearms
 - Level 1.5 Dodging
 - Level 4.1 Stealth
 + Level 0.9 Shields


You had 2 spell levels left.
You didn't know any spells.
Your spell library was empty.

Dungeon Overview and Level Annotations

Branches:
Dungeon (5/15)
 Temple: D:4-7

Altars:


Innate Abilities, Weirdness & Mutations

You are immune to poison.
Your flesh is cold resistant. (rC+)
You are immune to negative energy. (rN+++)
You are immune to unholy pain and torment.
You can survive without breathing.
You are vulnerable to heat. (rF-)
You do not drink.


Message History

The jackal barely misses you.
You see here a +0 quarterstaff.
g - a +0 quarterstaff (weapon)
The jackal closely misses you.
You hear the brisk hiss of a very distant avalanche of sand.
The jackal barely misses you. The jackal closely misses you.
The jackal bites you. The jackal closely misses you.
You barely miss the jackal. The jackal bites you. x2
You hit the jackal but do no damage. The jackal barely misses you.
The jackal completely misses you.
You hit the jackal but do no damage. The jackal misses you.
You hit the jackal.
You kill the jackal!
The orc barely misses you.
You sock the orc!
You kill the orc!
You have reached level 3!
Your experience leads to an increase in your attributes!
Increase (S)trength, (I)ntelligence, or (D)exterity?
You feel clever.
You hit the jelly.
Your hands burn!
The jelly is lightly wounded.
The jelly hits you.
You are splashed with acid!
* * * LOW HITPOINT WARNING * * *
The jelly misses you.
You hit the jelly.
Your hands burn!
* * * LOW HITPOINT WARNING * * *
The jelly is heavily wounded.
The jelly barely misses you.
You hit the jelly.
Your hands burn!
* * * LOW HITPOINT WARNING * * *
The jelly is severely wounded.
The jelly jiggles.
The jelly hits you but does no damage.
Unknown command.
You can't drink.
You hit the jelly but do no damage.
Your hands burn!
You die...

####...###
#######.......<.
#.......J.......
.#.#####.........
........###....#
........#......#
##.............#
######........#
#.@J..##$#####
#.##### .# #.# .#
#.######.#
#......#.#
######.#.# #.#.#
#.#.# ##.#.#


You could see a jelly.

Vanquished Creatures
  A worker ant (D:5)
  An orc (D:5)
  3 jackals (D:5)
5 creatures vanquished.

Notes
Turn   | Place    | Note
-------+----------+-------------------------------------------
     0 | D:5      | sahdkjhfkaj the Mummy Delver began the quest for the Orb.
     0 | D:5      | Reached XP level 1. HP: 18/18 MP: 1/1
     3 | D:5      | Noticed a worker ant
    33 | D:5      | Killed a worker ant
    34 | D:5      | Reached XP level 2. HP: 11/25 MP: 2/2
   263 | D:5      | Reached XP level 3. HP: 21/30 MP: 3/3
   265 | D:5      | HP: 1/30 [acid (4)]
   266 | D:5      | Splashed by a jelly's acid

Illustrated notes

Levels and vault maps discovered:
D:5:      layout_loops_ring, lemuel_doored_altar, lemuel_crystal_altar,
          chequers_ossuary_entry_cave, tgw_trog, uniq_edmund,
          uniq_prince_ribbit1

Skill      XL: |  1 |
---------------+----+-----
Fighting       | 4 |  4.0
Polearms       | |  1.5
Dodging        | |  1.5
Stealth        | |  4.1
Shields        | |  0.9

Action                   || total
-------------------------++-------
Melee: Spear             ||    20
       Quarterstaff      ||     9
 Stab: Sleeping          ||     1
Armor: Leather armour    ||     8
Dodge: Dodged            ||    23

Table legend: (Time is in decaauts)
 A = Elapsed time spent in this place.
 B = Non-inter-level travel time spent in this place.
 C = Inter-level travel time spent in this place.
 D = Time resting spent in this place.
 E = Time spent auto-exploring this place.
 F = Levels seen in this place.
 G = Mean time per level.
                   A        B        C        D        E       F      G
               +--------+--------+--------+--------+--------+-----+--------+
         Total |    267 |    267 |      0 |      0 |    200 |   1 |  267.0 |
       Dungeon |    267 |    267 |      0 |      0 |    200 |   1 |  267.0 |
               +--------+--------+--------+--------+--------+-----+--------+

Top non-repeatable levels by time:
     D:5: 267 daAuts
